 Dungeon Crawl Stone Soup version 0.28.0-53-g5a82cb258f (webtiles) character file.

Game seed: 11700796235698760224

3468 Peloso the Carver (level 9, -2/79 HPs)
             Began as a Minotaur Fighter on July 26, 2022.
             Was a Believer of Okawaru.
             Slain by an ogre
             ... wielding a +0 halberd
              (8 damage)
             ... in a bailey.
             The game lasted 00:11:58 (7954 turns).

Peloso the Carver (Minotaur Fighter)                Turns: 7954, Time: 00:11:58

Health: -2/79      AC: 15    Str: 23    XL:     9   Next: 79%
Magic:  7/8        EV:  9    Int:  5    God:    Okawaru [**....]
Gold:   398        SH:  5    Dex: 12    Spells: 8/8 levels left

rFire   . . .      SeeInvis .   a - +9 long sword "Rizo" {spect, rElec rPois}
rCold   . . .      Faith    .   d - +0 buckler
rNeg    + . .      Spirit   .   h - +1 chain mail
rPois   +          Reflect  .   (helmet restricted)
rElec   +          Harm     .   q - +2 cloak {rPois}
rCorr   .          Rampage  .   (no gloves)
Will    .....                   (no boots)
Stlth   ..........              (no amulet)
HPRegen 0.23/turn               f - ring of positive energy
MPRegen 0.11/turn               (no ring)

@: no status effects
A: horns 2, retaliatory headbutt
a: Renounce Religion, Heroism


You were in a bailey.
You worshipped Okawaru.
Okawaru was pleased with you.
You visited 2 branches of the dungeon, and saw 9 of its levels.
You also visited: Bailey.

You collected 398 gold pieces.

Inventory:

Hand Weapons
 a - the +9 long sword "Rizo" (weapon) {spect, rElec rPois}
   (You found it on level 3 of the Dungeon)

   When its wielder attacks, the weapon's spirit leaps out and strikes again.
   The spirit shares a part of any damage it takes with its wielder.
   rElec:     It insulates you from electricity.
   rPois:     It protects you from poison.
 b - a +2 falchion
 c - a +1 hand axe of flaming
Armour
 d - a +0 buckler (worn)
 h - a +1 chain mail (worn)
 q - a +2 cloak of poison resistance (worn)
Jewellery
 f - a ring of positive energy (left hand)
 w - a ring of see invisible
 G - a +6 ring of dexterity
Wands
 r - a wand of iceblast (12)
 B - a wand of flame (20)
 F - a wand of polymorph (2)
Scrolls
 e - a scroll of amnesia
 i - 2 scrolls of enchant armour
 j - a scroll of brand weapon {unknown}
 m - a scroll of silence
 o - a scroll of acquirement {unknown}
 p - 4 scrolls of teleportation {unknown}
 u - a scroll of torment {unknown}
 v - 2 scrolls of fear {unknown}
 x - a scroll of immolation {unknown}
Potions
 l - a potion of berserk rage
 s - a potion of resistance {unknown}
 t - 2 potions of might
 z - 2 potions of haste {unknown}
 A - a potion of heal wounds {unknown}
 C - a potion of mutation {unknown}
 D - a potion of lignification {unknown}


   Skills:
 + Level 7.5 Fighting
 + Level 11.4 Long Blades
 + Level 9.5 Armour
 + Level 2.7 Dodging
 + Level 1.1 Stealth
 + Level 5.6 Shields
 + Level 0.1 Invocations


You had 8 spell levels left.
You didn't know any spells.
Your spell library contained the following spells:

 Spells                   Type           Power      Damage    Failure   Level
 Ensorcelled Hibernation  Hex/Ice        0%         N/A       99%         2
 Passwall                 Tmut/Erth      0%         N/A       99%         2
 Swiftness                Air            0%         N/A       100%        3
 Summon Small Mammal      Summ           Unusable   N/A       N/A         1
 Call Canine Familiar     Summ           Unusable   N/A       N/A         3
 Summon Guardian Golem    Hex/Summ       Unusable   N/A       N/A         3

Dungeon Overview and Level Annotations

Branches:
Dungeon (8/15)             Temple (1/1) D:6          Bailey (1/1)
   Lair: D:8-11

Altars:
Ashenzari
Cheibriados
Dithmenos
Elyvilon
Fedhas
Gozag
Hepliaklqana
Kikubaaqudgha
Makhleb
Nemelex Xobeh
Okawaru
Qazlal
Ru
Sif Muna
Trog
Uskayaw
Vehumet
Wu Jian
Xom
Yredelemnul
Zin
The Shining One

Shops:
D:5 *

Annotations:
D:7 2 transporters, ptr's ghost, novice FeEn


Innate Abilities, Weirdness & Mutations

You have a pair of horns on your head.
You reflexively headbutt those who attack you in melee.


Message History

You block the spriggan's attack. You block the ogre's attack.
The ogre hits you but does no damage.
The spriggan hits you but does no damage.
The ogre closely misses you.
You feel better. The ogre hits you but does no damage.
The spriggan hits you with a +0 trident.
The ogre completely misses you. The ogre barely misses you.
You slice the spriggan!!
The spriggan is almost dead.
Your +9 long sword "Rizo" {spect, rElec rPois} hits the spriggan!
You kill the spriggan!
Okawaru accepts your kill. The ogre barely misses you.
The ogre closely misses you.
You hit the ogre. Your headbutt misses the ogre.
The ogre is lightly wounded.
Your +9 long sword "Rizo" {spect, rElec rPois} hits the ogre!!
You block the ogre's attack. The ogre misses you.
The ogre hits your +9 long sword "Rizo" {spect, rElec rPois} with a +0 halberd.
Your spectral weapon shares its damage with you!
You catch the helpless ogre completely off-guard!
You dice the ogre like an onion!!!
You kill the ogre!
Okawaru accepts your kill. The ogre closely misses you.
You feel like a meek peon again.
You enter the shallow water.
Moving in this stuff is going to be slow.
The ogre hits you but does no damage.
The ogre hits you from afar with a +0 halberd!
* * * LOW HITPOINT WARNING * * *
An ogre comes into view. It is wielding a +0 halberd.
The ogre shouts!
You hear a shout!
The ogre hits you from afar with a +0 halberd!
* * * LOW HITPOINT WARNING * * *
You hear a roar!
You hear two shouts!
You hear a shout!
The ogre hits you but does no damage. You block the ogre's attack.
The ogre hits you from afar with a +0 halberd!
You die...

...# ...# ###
#..# ##.##
#..# ##...##
#..## #.....#
#))###.....##
#..≈≈≈..∩...#
#..≈≈≈......#
#.@≈O≈......#
#..≈O≈......#
♣.O≈O≈..∩...#
♣..###.)...##
♣..## #.....#
#..# ##...##
♣..# ##.##
...# ### ..#


You could see 4 ogres.

Vanquished Creatures
  3 spriggans (Bailey)
  A steam dragon (D:7)
  A wyvern (D:8)
  2 water moccasins
  2 black bears
  An ice beast (D:5)
  5 ogres
  2 necrophages (D:5)
  3 centaurs
  A scorpion (D:5)
  2 water moccasin zombies
  4 killer bees (D:7)
  A howler monkey (D:3)
  4 wights (D:7)
  Crazy Yiuf (D:2)
  A bullfrog skeleton (D:6)
  An orc priest (D:6)
  A centaur skeleton (D:6)
  A gnoll shaman (D:8)
  3 hounds
  A jelly (D:6)
  Terence (D:2)
  4 iguanas
  7 orc wizards
  6 gnolls
  13 adders
  2 shadow imps
  2 white imps (D:6)
  4 worms
  6 dart slugs
  17 orcs
  6 bats
  4 endoplasms
  2 giant cockroaches (D:2)
  11 goblins
  6 hobgoblins
  5 kobolds
  8 quokkas
  5 ball pythons
  5 frilled lizards
  3 rats (D:1)
  A spectral goblin (D:2)
159 creatures vanquished.

Vanquished Creatures (others)
  A fungus (D:2)
1 creature vanquished.

Grand Total: 160 creatures vanquished

Notes
Turn   | Place    | Note
-------+----------+-------------------------------------------
     0 | D:1      | Peloso the Minotaur Fighter began the quest for the Orb.
     0 | D:1      | Reached XP level 1. HP: 19/19 MP: 0/0
   164 | D:1      | Reached XP level 2. HP: 22/27 MP: 1/1
   468 | D:1      | Reached XP level 3. HP: 26/33 MP: 2/2
   913 | D:2      | Reached skill level 3 in Long Blades
  1158 | D:2      | Found a runed translucent door.
  1159 | D:2      | Noticed Crazy Yiuf
  1192 | D:2      | Found a faded altar of an unknown god.
  1479 | D:2      | Reached XP level 4. HP: 30/40 MP: 3/3
  1610 | D:2      | Noticed Terence
  1617 | D:2      | Killed Terence
  1678 | D:2      | Reached skill level 4 in Long Blades
  1783 | D:2      | You fall into a shaft and drop 2 floors!
  1872 | D:4      | Reached XP level 5. HP: 31/47 MP: 4/4
  2052 | D:3      | Reached skill level 5 in Long Blades
  2052 | D:3      | Reached skill level 1 in Dodging
  2553 | D:2      | Found a shimmering altar of Xom.
  2591 | D:2      | Reached XP level 6. HP: 53/53 MP: 5/5
  2889 | D:2      | Killed Crazy Yiuf
  2890 | D:2      | Reached skill level 5 in Armour
  3377 | D:3      | Identified the +9 long sword "Rizo" {spect, rElec rPois}
  3457 | D:4      | Reached skill level 5 in Fighting
  3959 | D:4      | Identified the +4 ring mail of the Slug {rC- rN++}
  4115 | D:5      | Entered Level 5 of the Dungeon
  4229 | D:5      | Noticed an ice beast
  4233 | D:5      | Reached skill level 6 in Long Blades
  4237 | D:5      | Killed an ice beast
  4238 | D:5      | Reached XP level 7. HP: 50/61 MP: 6/6
  4367 | D:5      | Found Rugal's Retail Resort.
  4489 | D:5      | Found a burning altar of Makhleb.
  4493 | D:5      | Reached skill level 7 in Long Blades
  4736 | D:5      | Reached skill level 8 in Long Blades
  4736 | D:5      | Reached skill level 5 in Shields
  4736 | D:5      | Reached XP level 8. HP: 52/70 MP: 7/7
  5177 | D:6      | Reached skill level 9 in Long Blades
  5544 | D:6      | Found a staircase to the Ecumenical Temple.
  5651 | Temple   | Entered the Ecumenical Temple
  5896 | Temple   | Became a worshipper of Warmaster Okawaru
  6280 | D:7      | Reached skill level 10 in Long Blades
  6478 | D:7      | Noticed ptr's ghost (novice FeEn)
  6480 | D:7      | Found a transporter.
  6480 | D:7      | Noticed a two-headed ogre
  6510 | D:7      | Reached XP level 9. HP: 74/78 MP: 8/8
  6685 | D:7      | Found a transporter.
  7243 | D:7      | Reached skill level 1 in Stealth
  7410 | D:7      | Reached * piety under Okawaru
  7545 | D:8      | Reached skill level 11 in Long Blades
  7689 | D:8      | Found a flagged portal.
  7700 | Bailey   | Entered a bailey
  7946 | Bailey   | Reached ** piety under Okawaru
  7954 | Bailey   | Slain by an ogre

Illustrated notes

Levels and vault maps discovered:
D:1:      lemuel_arrival_muddy, layout_basic, minmay_heptomino_h4
D:2:      minmay_inner_zag, layout_basic, basic_altar,
          dreamdust_ecumenical_altar_drowned_temple, minmay_surrounded,
          uniq_terence, uniq_crazy_yiuf_cottage
D:3:      layout_basic
D:4:      layout_basic, st_stairs_10
D:5:      layout_loops_ring, mainiacjoe_overflow_six_doors_small,
          nicolae_alphabet_shops, hangedman_minor_gate_pass
D:6:      layout_basic, minmay_temple_entry_poolview
D:7:      layout_loops_corners, gammafunk_ghost_smash, nicolae_underground_beach
D:8:      minmay_flawed_box, layout_loops_ring, gammafunk_ghost_nasty_kobolds,
          enter_bailey_5, minmay_misc_feat_square
Temple:   mainiacjoe_temple_starburst
Bailey:   bailey_polearm_enchanted_keep_hellmonk, bailey

Skill      XL: |  1  2  3  4  5  6  7  8  9 |
---------------+----------------------------+-----
Shields        | 4 5 |  5.6
Fighting       | 4 5 6 7 |  7.5
Armour         | 4 5 6 7 9 |  9.5
Long Blades    | 3 4 5 6 8 10 11 | 11.4
Dodging        | 1 2 |  2.7
Stealth        | 1 |  1.1
Invocations    | |  0.1

Action                   |  1- 3 |  4- 6 |  7- 9 || total
-------------------------+-------+-------+-------++-------
Melee: Long sword        |    78 |   137 |   147 ||   362
       Headbutt          |    11 |    23 |    16 ||    50
Invok: Heroism           |       |       |     2 ||     2
  Use: Scroll            |       |       |     8 ||     8
       Potion            |       |       |     2 ||     2
 Stab: Distracted        |       |       |     1 ||     1
Armor: Scale mail        |    17 |       |       ||    17
       Chain mail        |    20 |    87 |   102 ||   209
Dodge: Dodged            |    37 |    47 |    76 ||   160
Block: Buckler           |    28 |    30 |    34 ||    92
